 Dungeon Crawl Stone Soup version 0.19-a0-376-gf780d9b (webtiles) character file.

974 Kidiri the Firebug (level 7, -7/36 HPs)
             Began as a Deep Elf Fire Elementalist on May 30, 2016.
             Was an Initiate of Vehumet.
             Mangled by a centaur (8 damage)
             ... on level 7 of the Dungeon.
             The game lasted 00:15:38 (5496 turns).

Kidiri the Firebug (Deep Elf Fire Elementalist)     Turns: 5496, Time: 00:15:38

Health: -7/36      AC:  3    Str:  5    XL:     7   Next: 95%
Magic:  10/18      EV: 13    Int: 22    God:    Vehumet [......]
Gold:   274        SH:  0    Dex: 15    Spells: 6 memorised, 1 level left

rFire  . . .     SeeInvis +     D - +2 short sword (flame)
rCold  . . .     Gourm    .     a - +1 robe
rNeg   . . .     Faith    .     (no shield)
rPois  .         Spirit   .     (no helmet)
rElec  .         Dismiss  +     (no cloak)
rCorr  .         Reflect  .     (no gloves)
SustAt .         Harm     .     (no boots)
MR     .....                    u - amulet of dismissal
Stlth  ++........               (no ring)
                                h - ring of see invisible

@: very slightly contaminated, not resistant to hostile enchantments, unstealthy
A: no striking features
a: Renounce Religion


You were on level 7 of the Dungeon.
You worshipped Vehumet.
Vehumet was noncommittal.
You were not hungry.

You visited 2 branches of the dungeon, and saw 7 of its levels.
You also visited: Sewer.

You collected 274 gold pieces.

Inventory:

Hand Weapons
 D - a +2 short sword of flaming (weapon)
Missiles
 g - 219 stones (quivered)
Armour
 a - a +1 robe (worn)
 p - a +0 leather armour
 q - a troll hide {Purgy}
Jewellery
 h - a ring of see invisible (left hand)
 u - an amulet of dismissal (around neck)
Wands
 n - a wand of polymorph (10/24)
 y - a wand of digging (16/24)
 A - a wand of polymorph (13/24)
Scrolls
 d - a scroll of amnesia
 e - 3 scrolls of remove curse
 i - a scroll of enchant weapon
 k - 3 scrolls of teleportation
 o - a scroll of fog
 B - a scroll of fear {unknown}
Potions
 c - a potion of cure mutation {unknown}
 j - a potion of lignification
 l - a potion of resistance
 m - a potion of cancellation {unknown}
 t - a potion of might {unknown}
 v - a potion of haste {unknown}
 w - a potion of invisibility {unknown}
Books
 b - a book of Flames

   Spells                             Type                      Level
   a - Flame Tongue                   Conjuration/Fire             1
   b - Throw Flame                    Conjuration/Fire             2
   c - Conjure Flame                  Conjuration/Fire             3
   d - Inner Flame                    Hexes/Fire                   3
   e - Sticky Flame                   Conjuration/Fire             4
   f - Fireball                       Conjuration/Fire             5
 s - a book of the Dragon

   Spells                             Type                      Level
   a - Flame Tongue                   Conjuration/Fire             1
   b - Cause Fear                     Hexes                        4
   c - Bolt of Fire                   Conjuration/Fire             6
   d - Dragon Form                    Transmutation                7
   e - Dragon's Call                  Summoning                    9
Comestibles
 f - 2 meat rations
 r - 3 bread rations
 x - 2 beef jerkies
 z - a slice of pizza
 C - 2 chunks of flesh


   Skills:
 - Level 2.4 Dodging
 - Level 2.4 Stealth
 + Level 6.5 Spellcasting
 + Level 4.9 Conjurations
 * Level 7.9 Fire Magic


You had one spell level left.
You knew the following spells:

 Your Spells              Type           Power        Failure   Level  Hunger
a - Flame Tongue          Conj/Fire      #####        1%          1    None
b - Throw Flame           Conj/Fire      #####.       1%          2    None
c - Conjure Flame         Conj/Fire      #####...     1%          3    #......
d - Inner Flame           Hex/Fire       ###.....     6%          3    #......
e - Sticky Flame          Conj/Fire      #####...     8%          4    ###....
f - Fireball              Conj/Fire      #####.....   17%         5    #####..


Dungeon Overview and Level Annotations

Branches:
Dungeon (5/15)             Temple (1/1) D:4

Altars:
Cheibriados
Dithmenos
Fedhas
Gozag
Hepliaklqana
Kikubaaqudgha
Makhleb
Nemelex Xobeh
Okawaru
Pakellas
Ru
Sif Muna
Trog
Ukayaw
Vehumet
Xom
Yredelemnul
Zin
The Shining One

Shops:
D:4 =!=(


Message History

Unknown command.
Unknown command.
Casting: Throw Flame
Confirm with . or Enter, or press ? or * to list all spells.
Aiming: Sticky Flame
Press: ? - help, Shift-Dir - straight line, f - centaur
Aim: a centaur You miscast Sticky Flame.
You are very lightly contaminated with residual magic.
You smell something strange.
The centaur closely misses you.
Casting: Sticky Flame
Confirm with . or Enter, or press ? or * to list all spells.
Aiming: Sticky Flame
Press: ? - help, Shift-Dir - straight line, f/p - centaur
Aim: a centaur The sticky flame hits the centaur.
The centaur is lightly wounded.
The centaur is covered in liquid flames!
The centaur burns!
The centaur hits you!
You die...

#..# #....# #..#
####.# #..# #.#
######..# #.#
........# #.#
........> #.#
....... #.#
......c###### #.#
#.#@((..# #.#
#.#.###.# #.#
###.#...#.# #.#
#...#.#.#.#######.##
#..................#
#..#.#.#.#.#########
##.........#
#.#.#.#.#.#
#.........#


You could see a centaur (burning).

Vanquished Creatures
  The ghost of Duffy the Vexing, an amateur DEEn (D:3)
  Purgy (Sewer)
  2 ogres
  A centaur (D:5)
  A wyvern zombie (D:7)
  A hound (D:3)
  A giant frog skeleton (D:4)
  A centaur skeleton (D:4)
  An iguana (D:4)
  2 worker ants (D:4)
  4 hound zombies (D:4)
  A hound skeleton (D:4)
  5 adders
  An ooze (D:1)
  3 adder zombies (D:4)
  3 adder skeletons (D:4)
  2 worms
  3 dart slugs
  6 giant geckos
  5 orcs
  11 bats
  7 giant cockroaches
  10 goblins
  5 hobgoblins
  4 jackals (D:7)
  2 quokkas
  3 ball pythons
  A giant gecko skeleton (D:4)
  4 giant newts
  A jackal skeleton (D:4)
  A jackal zombie (D:4)
  5 kobolds
  A quokka skeleton (D:4)
  2 quokka zombies (D:4)
  6 rats
108 creatures vanquished.

Notes
Turn   | Place    | Note
--------------------------------------------------------------
     0 | D:1      | Kidiri the Deep Elf Fire Elementalist began the quest for the Orb.
     0 | D:1      | Reached XP level 1. HP: 10/10 MP: 6/6
   181 | D:1      | Reached XP level 2. HP: 11/15 MP: 2/8
   185 | D:1      | Learned a level 2 spell: Throw Flame
   611 | D:1      | Reached skill level 4 in Fire Magic
   822 | D:1      | Reached XP level 3. HP: 19/19 MP: 5/10
   846 | D:1      | Learned a level 3 spell: Conjure Flame
   850 | D:1      | Learned a level 3 spell: Inner Flame
  1873 | D:2      | Reached XP level 4. HP: 24/24 MP: 4/11
  2063 | D:3      | Noticed Duffy's ghost (amateur DEEn)
  2073 | D:3      | Killed Duffy's ghost
  2073 | D:3      | Reached skill level 5 in Fire Magic
  2073 | D:3      | Reached XP level 5. HP: 18/28 MP: 6/13
  2082 | D:3      | Found a glowing drain.
  2102 | Sewer    | Entered a sewer
  2221 | Sewer    | Learned a level 4 spell: Sticky Flame
  2236 | Sewer    | Noticed Purgy
  2247 | Sewer    | Killed Purgy
  2247 | Sewer    | Reached skill level 5 in Spellcasting
  2247 | Sewer    | Reached skill level 6 in Fire Magic
  2247 | Sewer    | Reached XP level 6. HP: 32/32 MP: 0/15
  2437 | D:3      | Found an iron altar of Okawaru.
  2437 | D:3      | Found a hazy altar of Hepliaklqana.
  2494 | D:3      | Found a blossoming altar of Fedhas.
  2693 | D:3      | Found an oddly glowing altar of Pakellas.
  2939 | D:3      | Found a burning altar of Makhleb.
  3203 | D:4      | Found Ceosajy's Jewellery Shoppe.
  3208 | D:4      | Found Madousm's Jewellery Shop.
  3544 | D:4      | Found a shimmering altar of Xom.
  3619 | D:4      | Found Leabrepp's Distillery.
  3637 | D:4      | Found Kenep's Weapon Emporium.
  3830 | D:4      | Found a staircase to the Ecumenical Temple.
  3835 | Temple   | Entered the Ecumenical Temple
  3852 | Temple   | Became a worshipper of Vehumet
  4093 | D:4      | Reached XP level 7. HP: 36/36 MP: 9/17
  4306 | D:4      | Reached skill level 7 in Fire Magic
  4599 | D:4      | Found a sparkling altar of Nemelex Xobeh.
  4982 | D:5      | Entered Level 5 of the Dungeon
  5090 | D:5      | Learned a level 5 spell: Fireball
  5115 | D:5      | You fall through a shaft for 2 floors!
  5493 | D:7      | HP: 1/36 [centaur/arrow (10)]
  5496 | D:7      | Mangled by a centaur

Vault maps used:
D:1:      dpeg_arrival_simpleton_b
D:3:      grunt_pakellas_salt, lemuel_doored_altar, makhleb_blood_cavern_becter,
          gammafunk_temple_overflow_statue, portal_sewer_entry_a
D:4:      grunt_temple_overflow_open, minmay_temple_entry_trees, serial_shops,
          shop, nicolae_shop_crystal, nicolae_shop_stone,
          nicolae_shop_temple_entry_statues_fountains, serial_undead,
          serial_undead_c, serial_undead_c, serial_undead_f, serial_undead_b,
          serial_undead_f, serial_undead_f
D:5:      first_bread
D:7:      lemuel_ice_spiral_2, serial_glass, glass_columns_c, glass_columns_a,
          minmay_strange_pillars, serial_shops, shop, nicolae_alphabet_shops
Temple:   zaba_magenta_temple_12
Sewer:    sewer_big_baddie

Skill      XL: |  1  2  3  4  5  6  7 |
---------------+----------------------+-----
Fire Magic     | 4 5 6 7 |  7.9
Conjurations   | 2 3 4 |  4.9
Spellcasting   | 4 5 6 |  6.5
Dodging        | |  2.4
Stealth        | |  2.4

Action                   |  1- 3 |  4- 6 |  7- 9 || total
-------------------------+-------+-------+-------++-------
Melee: Unarmed           |     2 |       |       ||     2
       Dagger            |     6 |     6 |     1 ||    13
       Short sword       |       |       |     1 ||     1
Throw: Stone             |    13 |       |       ||    13
 Cast: Flame Tongue      |    39 |    57 |    31 ||   127
       Throw Flame       |    35 |    40 |    17 ||    92
       Conjure Flame     |       |     2 |     1 ||     3
       Sticky Flame      |       |     1 |     5 ||     6
       Inner Flame       |       |       |     1 ||     1
  Use: Scroll            |       |     8 |       ||     8
  Eat: Chunk             |     1 |     5 |     5 ||    11
       Bread ration      |     1 |       |       ||     1
Armor: Robe              |     1 |     5 |       ||     6
Dodge: Dodged            |    13 |     9 |    16 ||    38
